 Dungeon Crawl Stone Soup version 0.31-a0-544-gceb718ecc6 (webtiles) character file.

Game seed: 5406259458030668170

583 Hubris850 the Changeling (level 7, 0/52 HPs)
             Began as a Meteoran Shapeshifter on Aug 15, 2023.
             Slain by a wight
             ... wielding a +3 morningstar
              (16 damage)
             ... on level 6 of the Dungeon.
             The game lasted 00:07:50 (1054 turns).

Hubris850 the Changeling (Meteoran Shapeshifter)    Turns: 1054, Time: 00:07:50

Health: 0/52       AC:  3    Str: 18    XL:     7   Next: 96%
Magic:  8/8        EV: 12    Int:  9    God:
Gold:   67         SH:  0    Dex: 16    Spells: 6/6 levels left

rFire   . .          .
                       - Unarmed
rCold   + . .        (shield currently unavailable)
rNeg    . . .        k - +0 leather armour
rPois   .            (no helmet)
rElec   .            (no cloak)
rCorr   .            (no gloves)
SInv    +            (no boots)
Will    .....        (no amulet)
Stlth   +            h - ring of see invisible
HPRegen 0.28/turn    r - ring of protection from cold
MPRegen 0.11/turn

%: no passive effects
@: flux-form, glowing
A: glow, contaminating, sense surroundings 1, otherworldly, glowing, explore
regen
a: Begin Untransformation


You were on level 6 of the Dungeon.
You were something dangerously unstable.
You visited 1 branch of the dungeon, and saw 6 of its levels.

You collected 67 gold pieces.

Inventory:

Hand Weapons
 s - a +5 mace
 t - a +4 dagger
Missiles
 p - a throwing net
Armour
 a - a +0 animal skin
 k - a +0 leather armour (worn)
Jewellery
 h - a ring of see invisible (left hand)
 o - an amulet of faith
 r - a ring of protection from cold (right hand)
Talismans
 c - a beast talisman
 d - a flux talisman (active)
Wands
 b - a wand of polymorph (8)
 m - a wand of flame (13)
Scrolls
 e - a scroll of poison {unknown}
 j - a scroll of fear {unknown}
 l - a scroll of amnesia {unknown}
 n - a scroll of teleportation
 u - a scroll of torment {unknown}
Potions
 f - 2 potions of cancellation {unknown}
 g - a potion of haste {unknown}
 i - a potion of ambrosia {unknown}
 q - a potion of enlightenment {unknown}


   Skills:
 - Level 1.1 Fighting
 - Level 2.1 Dodging
 + Level 6.2 Unarmed Combat
 + Level 7.4 Shapeshifting


You had 6 spell levels left.
You didn't know any spells.
Your spell library was empty.

Dungeon Overview and Level Annotations

Branches:
Dungeon (6/15) Zot: 2556
 Temple: D:4-7

Altars:
Dithmenos

Shops:
D:5 :

Annotations:
D:6 1 runed translucent door


Innate Abilities, Weirdness & Mutations

You are something dangerously unstable.
You glow with magical radiation, making you easy to see and hit.
Foes you strike become dangerously contaminated with magical radiation.
You are incapable of wielding weapons or throwing items.
You passively map a small area around you.
You are easily found by Zot.
You glow in the dark.
You regain HP and MP as you explore.


Message History

a +4 dagger; a +0 robe
t - a +4 dagger You hit the wight but do no damage.
The wight begins to glow.
The wight hits you with a +2 scimitar.
You feel drained.
You hit the wight but do no damage.
The wight glows dangerously bright.
The wight hits you with a +2 scimitar!
You barely miss the wight. You barely miss the wight.
The wight hits you with a +2 scimitar!
* * * LOW HITPOINT WARNING * * *
You hit the wight but do no damage.
The wight shudders as magic cascades through it!
The wight is almost destroyed.
The wight hits you with a +2 scimitar!
* * * LOW HITPOINT WARNING * * *
You hit the wight.
The wight begins to glow.
The wight is almost destroyed.
The wight closely misses you.
You barely miss the wight.
The wight is almost destroyed.
The wight barely misses you.
You hit the wight.
You destroy the wight!
Your life force feels restored.
You see here a +0 robe.
You see here a +0 robe. 2 wights come into view.
You see here a scroll labelled NAERPH MUCOG.
u - a scroll labelled NAERPH MUCOG
Aiming: Throw Flame
Press: ? - help, Shift-Dir - straight line, f - wight
Aim: a wight, wielding a +3 morningstar and wearing a +0 robe (68% to hit)
The puff of flame misses the wight.
Aiming: Throw Flame
Press: ? - help, Shift-Dir - straight line, f/p - wight
Aim: a wight, wielding a +3 morningstar and wearing a +0 robe (68% to hit)
The puff of flame misses the wight.
You hit the wight.
The wight begins to glow.
The wight is lightly damaged.
The wight hits you with a +3 morningstar!
You die...

#.# #.z....#.#* * #..
##...###.##.. ,
#.)######...........# *
###....[.[.......#####*
......####.#####z...#
....?.# #.#
#.##.######### ......#
##.# #.##.........#
#...#.# #..###
#z######.##### #.....#
#....###B### #..#
#.##..#,##.#...........##
, #. .$+_,#.............#
, . ...# ###.....#####.#
, ,, *,..........,#. * ,
######..[.# .. #.##.# , ,
#.#* . , , , ,


You could see 2 wights.

Vanquished Creatures
  Grinder (D:3)
  A black bear (D:4)
  3 wights (D:6)
  An iguana (D:5)
  Terence (D:3)
  4 gnolls (D:4)
  3 adders
  An ufetubus (D:6)
  A worm (D:3)
  3 dart slugs (D:2)
  3 orcs (D:3)
  2 endoplasms (D:4)
  A quokka (D:2)
  A ball python (D:2)
  2 frilled lizards (D:2)
  3 goblins
  4 kobolds
  3 rats
38 creatures vanquished.

Notes
Turn   | Place    | Note
-------+----------+-------------------------------------------
     0 | D:1      | Hubris850 the Meteoran Shapeshifter began the quest for the
                  | Orb.
     0 | D:1      | Reached XP level 1. HP: 16/16 MP: 2/2
   166 | D:2      | Reached skill level 4 in Shapeshifting
   166 | D:2      | Reached XP level 2. HP: 10/23 MP: 3/3
   191 | D:2      | Reached XP level 3. HP: 20/28 MP: 4/4
   432 | D:3      | Noticed Grinder
   446 | D:3      | Reached skill level 5 in Shapeshifting
   446 | D:3      | Reached XP level 4. HP: 35/35 MP: 5/5
   455 | D:3      | Killed Grinder
   456 | D:3      | Reached skill level 6 in Shapeshifting
   456 | D:3      | Reached XP level 5. HP: 40/40 MP: 6/6
   456 | D:3      | Reached XP level 6. HP: 47/47 MP: 7/7
   552 | D:3      | Noticed Terence
   559 | D:3      | Killed Terence
   704 | D:3      | Found a shadowy altar of Dithmenos.
   798 | D:4      | Noticed a black bear
   811 | D:4      | Reached skill level 5 in Unarmed Combat
   815 | D:4      | Killed a black bear
   816 | D:4      | Reached XP level 7. HP: 24/52 MP: 8/8
   871 | D:5      | Entered Level 5 of the Dungeon
   891 | D:5      | Reached skill level 7 in Shapeshifting
   915 | D:5      | Found Gaufol's Book Shop.
   995 | D:6      | Found a runed translucent door.
  1054 | D:6      | Slain by a wight

Illustrated notes

Levels and vault maps discovered:
D:1:      minmay_arrival_widening_spiral_narrow, layout_basic,
          hellmonk_ecumenical_altar_run_dry, minmay_pentomino_s2
D:2:      layout_loops_ring, basic_altar
D:3:      layout_loops_corners, nicolae_overflow_ecumenical_swirl,
          mainiacjoe_overflow_tiny_flanked, uniq_grinder, uniq_terence
D:4:      layout_cave_pools, nicolae_qazlal_beasts_of_the_sky, serial_bayou,
          serial_bayou_lagoon_b, serial_bayou_ford_a, serial_bayou_lake_a,
          serial_bayou_pond_b, uniq_eustachio
D:5:      layout_basic, mainiacjoe_overflow_24_doors, serial_shops,
          nicolae_take_the_stairs, minmay_hedge_maze, uniq_pikel
D:6:      layout_rooms, mainiacjoe_overflow_brackets, makhleb_heckhound_becter,
          ebering_ghost_xom

Skill      XL: |  1  2  3  4  5  6  7 |
---------------+----------------------+-----
Shapeshifting  | 4 5 6 7 |  7.4
Unarmed Combat | 4 5 6 |  6.2
Fighting       | |  1.1
Dodging        | |  2.1

Action                     |  1- 3 |  4- 6 |  7- 9 || total
---------------------------+-------+-------+-------++-------
  Melee: Unarmed           |    39 |    53 |    31 ||   123
         Punch             |     2 |       |       ||     2
Ability: Begin Untransform |       |     1 |       ||     1
  Evoke: Wand              |       |       |     2 ||     2
    Use: Potion            |     1 |       |       ||     1
         Scroll            |       |       |     1 ||     1
 Armour: Animal skin       |     4 |       |       ||     4
         Skin              |     2 |       |       ||     2
         Leather armour    |       |     7 |     3 ||    10
  Dodge: Dodged            |    19 |    32 |    14 ||    65
   Form: Flux              |       |     1 |       ||     1

Table legend: (Time is in decaauts)
 A = Elapsed time spent in this place.
 B = Non-inter-level travel time spent in this place.
 C = Inter-level travel time spent in this place.
 D = Time resting spent in this place.
 E = Time spent auto-exploring this place.
 F = Levels seen in this place.
 G = Mean time per level.
                   A        B        C        D        E       F      G
               +--------+--------+--------+--------+--------+-----+--------+
         Total |   1042 |   1042 |      0 |      0 |    106 |   6 |  173.7 |
       Dungeon |   1042 |   1042 |      0 |      0 |    106 |   6 |  173.7 |
               +--------+--------+--------+--------+--------+-----+--------+

Top non-repeatable levels by time:
     D:3: 345 daAuts
     D:2: 289 daAuts
     D:1: 138 daAuts
     D:6: 100 daAuts
     D:4: 90 daAuts
     D:5: 79 daAuts
